 Dungeon Crawl Stone Soup version 0.29.1-13-g9f3cf754e1 (webtiles) character file.

Game seed: 14763746897001556317

247 promet the Conjurer (level 5, -1/40 HPs)
             Began as a Draconian Conjurer on Jan 27, 2023.
             Slain by Duvessa
             ... wielding a +0 short sword
              (5 damage)
             ... on level 4 of the Dungeon.
             The game lasted 00:19:14 (4450 turns).

promet the Conjurer (Draconian Conjurer)            Turns: 4450, Time: 00:19:15

Health: -1/40      AC:  5    Str: 10      XL:     5   Next: 85%
Magic:  1/9        EV: 12    Int: 18 (20) God:
Gold:   166        SH:  0    Dex:  9      Spells: 6/9 levels left

rFire   . . .      SeeInvis .   a - +2 dagger (venom)
rCold   . . .      Faith    .   (no shield)
rNeg    . . .      Spirit   .   (body armour unavailable)
rPois   .          Reflect  .   (helmet restricted)
rElec   .          Harm     .   (no cloak)
rCorr   .          Rampage  .   (no gloves)
Will    .....                   (no boots)
Stlth   ++........              (no amulet)
HPRegen 0.13/turn               (no ring)
MPRegen 0.11/turn               (no ring)

@: attractive
A: AC +5, unfitting armour, cold-blooded
a: no special abilities


You were on level 4 of the Dungeon.
You visited 1 branch of the dungeon, and saw 4 of its levels.

You collected 166 gold pieces.

Inventory:

Hand Weapons
 a - a +2 dagger of venom (weapon)
 b - a +0 sling
 f - a +1 whip of draining
 k - a +1 antimagic trident
 p - a +0 long sword
 q - a +0 dagger of protection
Missiles
 e - 2 throwing nets
 i - 4 curare-tipped darts
 j - 12 boomerangs
 m - 8 stones
Wands
 g - a wand of paralysis (6)
Scrolls
 d - a scroll of identify
 l - a scroll of noise
 o - a scroll of magic mapping
Potions
 c - a potion of magic
 h - 2 potions of curing


   Skills:
 + Level 1.0 Fighting
 + Level 1.1 Short Blades
 + Level 2.3 Ranged Weapons
 + Level 2.7 Dodging
 + Level 2.3 Stealth
 + Level 2.9 Spellcasting
 + Level 4.9 Conjurations


You had 6 spell levels left.
You knew the following spells:

 Your Spells              Type           Power      Damage    Failure   Level
a - Magic Dart            Conj           80%        1d7       2%          1
b - Searing Ray           Conj           40%        2d5       3%          2

Your spell library contained the following spells:

 Spells                   Type           Power      Damage    Failure   Level
 Dazzling Flash           Conj/Hex       22%        N/A       19%         3
 Fulminant Prism          Conj/Hex       5%         3d7       52%         4
 Iskenderun's Mystic Bla  Conj/Tloc      11%        2d4       52%         4


Dungeon Overview and Level Annotations

Branches:
Dungeon (4/15)
 Temple: D:4-7

Altars:
Vehumet

Annotations:
D:4 Duvessa


Innate Abilities, Weirdness & Mutations

Your plain brown scales are hard. (AC +5)
You cannot fit into any form of body armour.
You are cold-blooded and may be slowed by cold attacks.


Message History

Aim: Duvessa, wielding a +0 short sword and wearing a +0 leather armour (lightly wounded, poisoned, 81% to hit)
The searing ray hits Duvessa.
Duvessa is moderately wounded.
The searing ray hits Dowan.
Dowan is severely wounded. (Press . to maintain the ray.) Duvessa misses you.
Dowan says, "Stay away from my face!"
The searing ray misses Duvessa.
The searing ray misses Dowan.
Duvessa hits you with a +0 short sword.
The searing ray hits Duvessa.
Duvessa is heavily wounded.
The searing ray hits Dowan.
You kill Dowan!
Duvessa screams in rage.
Duvessa goes berserk!
Duvessa barely misses you.
You feel your strength returning.
Your Short Blades skill increases to level 1!
The searing ray hits Duvessa.
Duvessa is heavily wounded.
You finish channelling your searing ray.
Duvessa closely misses you. Duvessa hits you with a +0 short sword.
Casting: Searing Ray (safe; 3% risk of failure)
Confirm with . or Enter, or press ? or * to list all spells.
Aiming: Searing Ray (safe; 3% risk of failure)
Press: ? - help, Shift-Dir - straight line, f/p - Duvessa
Aim: Duvessa, wielding a +0 short sword and wearing a +0 leather armour (heavily wounded, berserk, poisoned, 81% to hit)
The searing ray hits Duvessa.
Duvessa is severely wounded. (Press . to maintain the ray.) Duvessa hits you with a +0 short sword.
* * * LOW HITPOINT WARNING * * *
An orc comes into view. It is wielding a +0 whip.
The orc is attracted toward you.
The searing ray hits Duvessa.
Duvessa is severely wounded.
Duvessa looks more healthy.
Duvessa hits you with a +0 short sword!
* * * LOW HITPOINT WARNING * * *
Duvessa hits you with a +0 short sword.
You die...

#.#........#.#
###.#..........#
########...#.........##
.........###.........#
#######.## #.....†...#
#⌠....#.# ##.######.#
#8....')# #.# #.#
#⌠....#e# #.. #####[#
##+#+ #@# #.# #...#.#
#..###.###...#.#
#............#.#
####........>...#.#
......o<....#.....#
.......÷)...####.##
.........[.## #.#
##....§<...# ##.##
...........####...#


You could see Duvessa (berserk) and an orc (wandering).

Vanquished Creatures
  Dowan (D:4)
  A hound (D:4)
  An iguana (D:3)
  An orc wizard (D:4)
  3 adders
  4 worms (D:2)
  3 dart slugs
  2 orcs
  8 ball pythons
  9 bats
  5 endoplasms
  3 giant cockroaches
  9 goblins
  3 hobgoblins
  7 jackals
  10 kobolds
  A quokka (D:1)
  A frilled lizard (D:1)
  4 rats
76 creatures vanquished.

Notes
Turn   | Place    | Note
-------+----------+-------------------------------------------
     0 | D:1      | promet the Draconian Conjurer began the quest for the Orb.
     0 | D:1      | Reached XP level 1. HP: 14/14 MP: 3/3
   444 | D:1      | Reached XP level 2. HP: 20/20 MP: 3/5
   910 | D:1      | Learned a level 2 spell: Searing Ray
  1082 | D:1      | Reached XP level 3. HP: 26/26 MP: 1/6
  1707 | D:2      | Found a faded altar of an unknown god.
  1717 | D:2      | Reached skill level 1 in Ranged Weapons
  2434 | D:2      | Reached XP level 4. HP: 33/33 MP: 0/7
  3556 | D:3      | Found a radiant altar of Vehumet.
  3790 | D:3      | Reached XP level 5. HP: 34/39 MP: 4/8
  4287 | D:4      | Reached skill level 1 in Fighting
  4436 | D:4      | Noticed Duvessa
  4436 | D:4      | Noticed Dowan
  4447 | D:4      | Killed Dowan
  4448 | D:4      | Reached skill level 1 in Short Blades
  4450 | D:4      | Slain by Duvessa

Illustrated notes

Levels and vault maps discovered:
D:1:      sevenhm_arrival_forest_fort_large_4, layout_basic
D:2:      layout_rooms, hellmonk_ecumenical_altar_zigzags
D:3:      layout_loops_corners, nicolae_overflow_hidden_temple, minmay_quantized
D:4:      dreamdust_elfheim, layout_rooms, minmay_statues_item, uniq_eustachio

Skill      XL: |  1  2  3  4  5 |
---------------+----------------+-----
Dodging        | 2 |  2.7
Ranged Weapons | 1 2 |  2.3
Stealth        | 2 |  2.3
Fighting       | 1 |  1.0
Short Blades   | 1 |  1.1
Spellcasting   | |  2.9
Conjurations   | |  4.9

Action                   |  1- 3 |  4- 6 || total
-------------------------+-------+-------++-------
Melee: Dagger            |    43 |    38 ||    81
       Tailslap          |     4 |     4 ||     8
       Punch             |     1 |       ||     1
 Fire: Sling             |    49 |    13 ||    62
 Cast: Magic Dart        |    43 |    36 ||    79
       Searing Ray       |     6 |     7 ||    13
  Use: Scroll            |     3 |     4 ||     7
       Potion            |     6 |     4 ||    10
 Stab: Invisible         |     1 |       ||     1
Armor: Skin              |    37 |    13 ||    50
Dodge: Dodged            |    49 |    50 ||    99
